 Dungeon Crawl Stone Soup version 0.27-a0-463-gec7707c53d (webtiles) character file.

Game seed: 202957023698498082

14333 frogmouthbird the Severer (level 11, 0/97 HPs)
             Began as a Minotaur Fighter on Feb 28, 2021.
             Was a High Priest of Okawaru.
             Slain by a 15-headed hydra (6 damage)
             ... on level 11 of the Dungeon.
             The game lasted 00:18:40 (12823 turns).

frogmouthbird the Severer (Minotaur Fighter)       Turns: 12823, Time: 00:18:40

Health: 0/97       AC: 21    Str: 24    XL:     11   Next: 87%
Magic:  13/13      EV: 11    Int:  6    God:    Okawaru [*****.]
Gold:   708        SH:  0    Dex: 17    Spells: 10/10 levels left

rFire    + . .     SeeInvis +   a - +2 broad axe of Subjectivity {speed, Dex+6}
rCold    + . .     Faith    .   (no shield)
rNeg     + . .     Spirit   .   G - +0 plate armour
rPois    .         Reflect  .   N - +1 hat
rElec    +         Harm     .   (no cloak)
rCorr    .         Rampage  .   (no gloves)
Will     .....                  Q - +1 pair of boots {Fly}
Stlth    ..........             P - amulet "Fonting" {Acrobat rC+ rN+}
HPRegen  0.26/turn              D - ring of Xydde {rElec rF+ AC+4 Str-4 SInv}
MPRegen  0.13/turn              w - +6 ring of strength

@: flying
A: retaliatory headbutt, horns 2
a: Stop Flying, Renounce Religion, Heroism, Finesse


You were on level 11 of the Dungeon.
You worshipped Okawaru.
Okawaru was extremely pleased with you.
You visited 1 branch of the dungeon, and saw 11 of its levels.
You also visited: Sewer.

You collected 708 gold pieces.

Inventory:

Hand Weapons
 a - the +2 broad axe of Subjectivity (weapon) {speed, Dex+6}
   (Okawaru gifted it to you on level 9 of the Dungeon)

   Attacks with this weapon are significantly faster.
   It affects your dexterity (+6).
 b - a +0 battleaxe
 g - a +3 battleaxe of distortion
Missiles
 k - 15 boomerangs (quivered)
 n - 9 curare-tipped darts
 o - 15 poisoned darts
Armour
 c - a +0 kite shield
 G - a +0 plate armour (worn)
 N - a +1 hat (worn)
 Q - a +1 pair of boots of flying (worn)
Jewellery
 f - a ring of poison resistance
 i - a ring of protection from fire
 s - an amulet of regeneration
 u - a ring of flight
 w - a +6 ring of strength (right hand)
 z - a ring of resist corrosion
 D - the ring of Xydde (left hand) {rElec rF+ AC+4 Str-4 SInv}
   (You found it on level 7 of the Dungeon)

   [ring of protection]

   It affects your AC (+4).
   It affects your strength (-4).
   It protects you from fire.
   It insulates you from electricity.
   It lets you see invisible.
 K - the ring of Liluih {rPois Dex+6}
   (You took it off an orc warrior on level 9 of the Dungeon)

   [ring of dexterity]

   It affects your dexterity (+6).
   It protects you from poison.
 O - a ring of ice
 P - the amulet "Fonting" (around neck) {Acrobat rC+ rN+}
   (You found it on level 9 of the Dungeon)

   [amulet of the acrobat]

   It helps you evade while moving and waiting.
   It protects you from cold.
   It protects you from negative energy.
 R - a +4 ring of protection
Wands
 v - a wand of flame (32)
 y - a wand of polymorph (7)
 E - a wand of random effects (12)
Scrolls
 e - 3 scrolls of fog
 p - 5 scrolls of teleportation
 q - 2 scrolls of blinking
 B - 2 scrolls of enchant armour
 C - a scroll of amnesia
 F - 4 scrolls of identify
 L - a scroll of enchant weapon
Potions
 d - 7 potions of might
 h - 3 potions of lignification
 j - 3 potions of curing
 l - 3 potions of attraction
 m - 2 potions of heal wounds {unknown}
 r - 3 potions of haste
 t - 2 potions of brilliance {unknown}
 x - 2 potions of flight {unknown}
 A - 2 potions of invisibility {unknown}
 H - a potion of magic {unknown}
 I - 3 potions of ambrosia {unknown}
 M - a potion of resistance
Miscellaneous
 J - a box of beasts


   Skills:
 + Level 9.2 Fighting
 * Level 16.6 Axes
 - Level 8.7 Armour
 - Level 7.0 Dodging
 - Level 4.2 Shields
 - Level 4.0 Invocations


You had 10 spell levels left.
You didn't know any spells.
Your spell library contained the following spells:

 Spells                   Type           Power        Failure   Level
 Animate Skeleton         Necr           0%           99%         1
 Apportation              Tloc           0%           99%         1
 Corona                   Hex            0%           99%         1
 Foxfire                  Conj/Fire      0%           99%         1
 Magic Dart               Conj           0%           99%         1
 Shock                    Conj/Air       0%           99%         1
 Summon Small Mammal      Summ           0%           99%         1
 Call Imp                 Summ           0%           100%        2
 Call Canine Familiar     Summ           0%           100%        3
 Summon Guardian Golem    Hex/Summ       0%           100%        3
 Fulminant Prism          Conj/Hex       0%           100%        4
 Summon Ice Beast         Ice/Summ       0%           100%        4
 Summon Lightning Spire   Summ/Air       0%           100%        4
 Iskenderun's Battlesphe  Conj           0%           100%        5
 Ignition                 Fire           0%           100%        8


Dungeon Overview and Level Annotations

Branches:
Dungeon (11/15)            Temple (0/1) D:7            Lair (0/6) D:8
  Sewer (visited)
    Orc: D:9-12

Altars:
Ashenzari
Cheibriados
Dithmenos
Elyvilon
Fedhas
Gozag
Hepliaklqana
Kikubaaqudgha
Makhleb
Nemelex Xobeh
Okawaru
Sif Muna
Trog
Vehumet
Wu Jian
Xom
Yredelemnul
Zin
The Shining One

Shops:
D:4 *   D:5 =   D:10 :

Annotations:
D:7 1 runed translucent door, Tarl's ghost, novice DDFi
D:9 2 transporters, krigyl's ghost, novice DsFE


Innate Abilities, Weirdness & Mutations

You reflexively headbutt those who attack you in melee.
You have a pair of horns on your head.


Message History

The 11-headed hydra bites you!
The 11-headed hydra bites you but does no damage.
The 11-headed hydra bites you.
* * * LOW HITPOINT WARNING * * *
The 11-headed hydra bites you but does no damage. x2
The 11-headed hydra closely misses you. The 11-headed hydra barely misses you.
The 11-headed hydra bites you but does no damage. x3
The 11-headed hydra barely misses you.
You lop one of the 11-headed hydra's heads off!
The ten-headed hydra grows two more!
You slash the 12-headed hydra!
The 12-headed hydra is severely wounded.
You chop one of the 12-headed hydra's heads off!
The 11-headed hydra grows two more!
You slash the 13-headed hydra! You headbutt the 13-headed hydra!
The 13-headed hydra is almost dead.
The 13-headed hydra bites you.
* * * LOW HITPOINT WARNING * * *
The 13-headed hydra closely misses you. The 13-headed hydra bites you.
* * * LOW HITPOINT WARNING * * *
The 13-headed hydra bites you but does no damage. x4
The 13-headed hydra barely misses you.
The 13-headed hydra bites you but does no damage. x3
The 13-headed hydra bites you.
* * * LOW HITPOINT WARNING * * *
The 13-headed hydra bites you but does no damage.
You hack one of the 13-headed hydra's heads off!
The 12-headed hydra grows two more!
You slash the 14-headed hydra! You headbutt the 14-headed hydra!
The 14-headed hydra is almost dead.
You lop one of the 14-headed hydra's heads off!
The 13-headed hydra grows two more!
You slash the 15-headed hydra!
Your headbutt misses the 15-headed hydra.
The 15-headed hydra is almost dead.
The 15-headed hydra bites you.
* * * LOW HITPOINT WARNING * * *
The 15-headed hydra bites you but does no damage.
The 15-headed hydra bites you!
* * * LOW HITPOINT WARNING * * *
The 15-headed hydra barely misses you. The 15-headed hydra bites you.
You die...

....####..#
.........#..######
.........#.............
.........#.............
.........#.............
.........#...##......#
.........#...##......###
..<.....†'....#.........
......D@†#....#.........
.........#....'.........
.........#....#.........
.........+....#.........
.........#....#.........
.........#...#####'####.
.##############.....####
#.......#.. #....>..'..


You could see a 15-headed hydra.

Vanquished Creatures
  Snorg (D:10)
  Fannar (D:11)
  2 centaur warriors (D:9)
  2 unseen horrors (D:10)
  An ugly thing (D:8)
  A manticore (D:9)
  A centaur zombie (D:11)
  A kobold demonologist (D:11)
  A gargoyle (D:9)
  A tengu conjurer (D:9)
  A komodo dragon (D:11)
  A troll (D:11)
  Prince Ribbit (D:7)
  A blink frog (D:11)
  A wyvern (D:9)
  Grum (D:9)
  2 water moccasins
  4 orc warriors
  3 black bears
  A hornet zombie (D:11)
  3 sky beasts
  3 ice beasts
  6 ogres
  3 wolves (D:9)
  A necrophage (D:11)
  4 centaurs
  2 phantoms
  3 kobold brigands
  9 bullfrogs
  A wyvern skeleton (D:11)
  13 scorpions
  11 killer bees
  26 wights
  7 howler monkeys
  A bullfrog skeleton (D:5)
  5 hounds
  7 orc priests
  5 iguanas
  Jessica (D:6)
  11 orc wizards
  8 worker ants
  A mummy (D:8)
  A hound skeleton (D:11)
  A worker ant zombie (D:9)
  6 gnolls
  21 adders
  3 river rats
  2 shadow imps
  A white imp (D:8)
  2 ufetubi
  2 oozes
  An adder skeleton (D:8)
  An adder zombie (D:6)
  4 worms
  A dart slug (D:1)
  5 leopard geckos
  45 orcs
  2 ball pythons
  9 bats
  4 giant cockroaches
  6 hobgoblins
  3 jackals (D:9)
  8 quokkas
  A ball python skeleton (D:5)
  5 frilled lizards
  11 goblins
  6 kobolds
  2 leopard gecko skeletons
  A leopard gecko zombie (D:8)
  A quokka skeleton (D:5)
  2 quokka zombies
  14 rats
  A spectral orc (D:4)
331 creatures vanquished.

Vanquished Creatures (others)
  12 fungi
  2 plants (D:3)
14 creatures vanquished.

Grand Total: 345 creatures vanquished

Notes
Turn   | Place    | Note
-------+----------+-------------------------------------------
     0 | D:1      | frogmouthbird the Minotaur Fighter began the quest for the
                  | Orb.
     0 | D:1      | Reached XP level 1. HP: 19/19 MP: 0/0
   325 | D:1      | Reached skill level 3 in Axes
   390 | D:1      | Reached XP level 2. HP: 27/27 MP: 1/1
   881 | D:2      | Reached XP level 3. HP: 28/33 MP: 2/2
  1096 | D:2      | Reached skill level 4 in Axes
  1700 | D:3      | Reached XP level 4. HP: 41/41 MP: 3/3
  1735 | D:3      | Reached skill level 5 in Axes
  1808 | D:3      | Found a glowing drain.
  1813 | Sewer    | Entered a sewer
  1877 | Sewer    | Reached XP level 5. HP: 43/47 MP: 4/4
  1885 | Sewer    | Reached skill level 5 in Fighting
  2055 | Sewer    | Reached skill level 6 in Axes
  2065 | Sewer    | Reached XP level 6. HP: 37/56 MP: 5/5
  2545 | D:3      | Reached skill level 7 in Axes
  2569 | D:3      | Found an iron altar of Okawaru.
  2597 | D:3      | Became a worshipper of Warmaster Okawaru
  2648 | D:3      | Found a blossoming altar of Fedhas.
  2700 | D:3      | Found an opulent altar of Gozag.
  2921 | D:4      | Reached XP level 7. HP: 63/63 MP: 6/6
  2990 | D:4      | Reached skill level 8 in Axes
  3127 | D:4      | Found Oqoynesch's Mass Market.
  3541 | D:4      | Found a sparkling altar of Nemelex Xobeh.
  3542 | D:4      | Found an opulent altar of Gozag.
  3622 | D:4      | Found a basalt altar of Yredelemnul.
  3696 | D:4      | Found an ornate altar of the Wu Jian Council.
  3696 | D:4      | Found a broken altar of Ashenzari.
  3698 | D:4      | Found a shadowy altar of Dithmenos.
  3698 | D:4      | Found a radiant altar of Vehumet.
  3701 | D:4      | Found an ancient bone altar of Kikubaaqudgha.
  3744 | D:5      | Entered Level 5 of the Dungeon
  3765 | D:5      | Reached * piety under Okawaru
  3898 | D:5      | Found Bemetid's Jewellery Shop.
  3914 | D:5      | Reached skill level 9 in Axes
  4208 | D:5      | Reached XP level 8. HP: 73/73 MP: 7/7
  4371 | D:5      | Found a burning altar of Makhleb.
  4692 | D:6      | Reached skill level 10 in Axes
  4732 | D:6      | Reached ** piety under Okawaru
  4921 | D:6      | Reached skill level 1 in Invocations
  4925 | D:6      | Reached skill level 11 in Axes
  5186 | D:6      | Noticed Jessica
  5205 | D:6      | Killed Jessica
  5209 | D:6      | Found a shimmering blue altar of Sif Muna.
  5295 | D:6      | Reached *** piety under Okawaru
  5296 | D:6      | Reached XP level 9. HP: 81/81 MP: 9/9
  6039 | D:7      | Reached skill level 12 in Axes
  6054 | D:7      | Noticed Prince Ribbit
  6067 | D:7      | Killed Prince Ribbit
  6074 | D:7      | Found a glowing golden altar of the Shining One.
  6086 | D:7      | Found a staircase to the Ecumenical Temple.
  6315 | D:7      | Reached **** piety under Okawaru
  6316 | D:7      | Reached skill level 1 in Dodging
  6374 | D:7      | Found a shimmering altar of Xom.
  6374 | D:7      | Noticed a +2 rapier of chaos
  6374 | D:7      | Noticed Tarl's ghost (novice DDFi)
  6375 | D:7      | Found a runed translucent door.
  6570 | D:7      | Reached skill level 13 in Axes
  6745 | D:7      | Identified the ring of Xydde {rElec rF+ AC+4 Str-4 SInv}
  6998 | D:7      | Reached skill level 5 in Armour
  7064 | D:7      | Found a hazy altar of Hepliaklqana.
  7116 | D:7      | Found the +7 Singing Sword {vorpal, sonic wave}
  7222 | D:8      | Noticed a purple ugly thing
  7237 | D:8      | Killed a purple ugly thing
  7237 | D:8      | Reached ***** piety under Okawaru
  7238 | D:8      | Reached XP level 10. HP: 38/88 MP: 12/12
  7511 | D:8      | Found a snail-covered altar of Cheibriados.
  7730 | D:8      | Found a staircase to the Lair.
  8018 | D:8      | Noticed an orange demon
  8018 | D:8      | Noticed a rust devil
  8022 | D:8      | Noticed an orange demon
  8022 | D:8      | Found a burning altar of Makhleb.
  8560 | D:8      | Found a glowing silver altar of Zin.
  9030 | D:9      | Noticed a manticore
  9136 | D:9      | Killed a manticore
  9137 | D:9      | Reached skill level 14 in Axes
  9469 | D:9      | Noticed a gargoyle
  9476 | D:9      | Killed a gargoyle
  9479 | D:9      | Noticed Grum
  9484 | D:9      | Identified the ring of Liluih {rPois Dex+6}
  9490 | D:9      | Killed Grum
  9491 | D:9      | Reached skill level 5 in Dodging
  9835 | D:9      | Found a transporter.
  9837 | D:9      | Found a transporter.
  9838 | D:9      | Identified the +3 hand axe "Johablu" {antimagic, Str-2
                  | Int+3 Dex+4}
  9838 | D:9      | Noticed a tengu warrior
  9838 | D:9      | Noticed a two-headed ogre
  9840 | D:9      | Noticed krigyl's ghost (novice DsFE)
  9858 | D:9      | Noticed a moth of wrath
  9859 | D:9      | Found a bloodstained altar of Trog.
  9984 | D:9      | Identified the amulet "Fonting" {Acrobat rC+ rN+}
  9986 | D:9      | Noticed a centaur warrior
  9987 | D:9      | Identified the +2 cloak of Honour {Rampage Regen+ Str-3
                  | Slay-2}
  9997 | D:9      | Killed a centaur warrior
  9997 | D:9      | Reached ****** piety under Okawaru
  9997 | D:9      | Identified the +2 broad axe of Subjectivity {speed, Dex+6}
                  | (Okawaru gifted it to you on level 9 of the Dungeon)
  9997 | D:9      | Received a gift from Okawaru
 10313 | D:9      | Identified the +7 flail of the Saving Stork {speed, rC+
                  | Str+2 Int-3 Dex+3}
 10316 | D:9      | Reached XP level 11. HP: 88/94 MP: 13/13
 10316 | D:9      | Noticed a centaur warrior
 10328 | D:9      | Killed a centaur warrior
 10329 | D:9      | Reached skill level 15 in Axes
 10413 | D:9      | Identified Sif Muna's Grimoire of the Blowfly
 10514 | D:9      | Identified a scroll of acquirement
 10514 | D:9      | Acquired a +1 hat
 10588 | D:9      | Found a basalt altar of Yredelemnul.
 10591 | D:9      | Found a shimmering altar of Xom.
 10591 | D:9      | Found a white marble altar of Elyvilon.
 10593 | D:9      | Found a shimmering altar of Xom.
 10593 | D:9      | Found a glowing silver altar of Zin.
 10593 | D:9      | Found a white marble altar of Elyvilon.
 10992 | D:10     | Entered Level 10 of the Dungeon
 11320 | D:10     | Found Moyceukk's Book Shop.
 11331 | D:10     | Noticed an unseen horror
 11336 | D:10     | Killed an unseen horror
 11506 | D:10     | Noticed Snorg
 11542 | D:10     | Noticed an unseen horror
 11550 | D:10     | Killed an unseen horror
 11683 | D:10     | Killed Snorg
 12032 | D:11     | Noticed Sonja
 12034 | D:11     | Noticed Sonja
 12034 | D:11     | Sonja changed into Sonja the blink frog
 12046 | D:11     | Killed Sonja the blink frog
 12081 | D:11     | Received a gift from Okawaru
 12082 | D:11     | Reached skill level 16 in Axes
 12099 | D:11     | Noticed Fannar
 12116 | D:11     | Killed Fannar
 12802 | D:11     | Noticed a seven-headed hydra
 12823 | D:11     | Slain by a 15-headed hydra

Illustrated notes

Levels and vault maps discovered:
D:1:      scummos_arrival_forest, layout_basic, minivault_4
D:2:      layout_loops_corners
D:3:      layout_loops_ring, fedhas_altar_3, okawaru_metal_pillars_3,
          portal_sewer_entry_e, minmay_misc_feat_four_crosses,
          nicolae_gozag_seed_capital
D:4:      layout_basic, grunt_temple_overflow_opulence,
          yredelemnul_forgotten_temple_becter, grunt_temple_overflow_open,
          serial_curves, eino_curves_03, eino_curves_04, minmay_shop_mass
D:5:      layout_basic, overflow_temple_1_default, serial_shops, shop
D:6:      layout_rooms, tgw_sif, roderic_serpentine_path
D:7:      old_forge, layout_rooms, nzn_hepliaklqana_mist_gate, tso_metal_star,
          minmay_temple_entry_grid, ebering_ghost_xom, minmay_fountain_box,
          uniq_prince_ribbit1
D:8:      layout_gridville, overflow_temple_1_default, lair_entry_dummy,
          basic_altar, serial_undead, serial_undead_d, serial_undead_e,
          serial_undead_c, serial_undead_d, lemuel_hellish_altar
D:9:      minmay_the_grid_octo_tiled_octocenter [minmay_the_grid_octo_teeth,
          minmay_the_grid_octo_horde, minmay_the_grid_octo_tetromino_candy,
          minmay_the_grid_octo_pinwheel,
          minmay_the_grid_octo_prize_single_spiral,
          minmay_the_grid_square_5x5_trominoes,
          minmay_the_grid_square_5x5_hollow_slash,
          minmay_the_grid_square_5x5_fancy_junction,
          minmay_the_grid_square_5x5_v], layout_loops_ring, doesnt_xom_only_xom,
          gammafunk_ghost_wrathful_warriors, serial_park_tiny_pond, uniq_grum
D:10:     cheibrodos_iron_armory, layout_loops_ring, serial_shops,
          nicolae_shop_stone, minmay_curled_crystal, grunt_ogre_cave, uniq_snorg
D:11:     layout_gridville, uniq_sonja, uniq_fannar

Skill      XL: |  1  2  3  4  5  6  7  8  9 10 11 |
---------------+----------------------------------+-----
Axes           | 3 4 5 6 7 9 11 13 14 16 | 16.6
Fighting       | 4 5 6 7 8 9 |  9.2
Invocations    | 2 4 |  4.0
Armour         | 5 7 8 |  8.7
Dodging        | 3 5 7 |  7.0
Shields        | 4 |  4.2

Action                   |  1- 3 |  4- 6 |  7- 9 | 10-12 || total
-------------------------+-------+-------+-------+-------++-------
Melee: War axe           |    83 |   125 |   293 |       ||   501
       Headbutt          |    10 |    18 |    58 |   108 ||   194
       Battleaxe         |       |       |    58 |   185 ||   243
       Broad axe         |       |       |       |   205 ||   205
Throw: Boomerang         |       |     4 |       |       ||     4
Invok: Heroism           |       |       |     1 |     2 ||     3
Evoke: Wand              |       |       |     2 |     5 ||     7
  Use: Scroll            |     4 |       |     7 |     7 ||    18
       Potion            |       |       |     2 |     1 ||     3
 Stab: Distracted        |       |       |       |     1 ||     1
Armor: Scale mail        |     8 |       |       |       ||     8
       Chain mail        |    43 |    72 |   215 |    10 ||   340
       Plate armour      |       |       |       |   194 ||   194
Dodge: Dodged            |    23 |    26 |    95 |   209 ||   353
Block: Kite shield       |    38 |    64 |   160 |       ||   262

Table legend: (Time is in decaauts)
 A = Elapsed time spent in this place.
 B = Non-inter-level travel time spent in this place.
 C = Inter-level travel time spent in this place.
 D = Time resting spent in this place.
 E = Time spent auto-exploring this place.
 F = Levels seen in this place.
 G = Mean time per level.
                   A        B        C        D        E       F      G
               +--------+--------+--------+--------+--------+-----+--------+
         Total |  12947 |  12691 |    256 |   1790 |   8774 |  12 | 1078.9 |
       Dungeon |  12325 |  12069 |    256 |   1790 |   8361 |  11 | 1120.5 |
         Sewer |    621 |    621 |      0 |      0 |    412 |   1 |  621.0 |
               +--------+--------+--------+--------+--------+-----+--------+

Top non-repeatable levels by time:
     D:9: 2323 daAuts
     D:6: 1431 daAuts
     D:8: 1426 daAuts
     D:7: 1205 daAuts
     D:2: 1005 daAuts
    D:10: 972 daAuts
     D:5: 885 daAuts
     D:4: 857 daAuts
    D:11: 782 daAuts
     D:3: 729 daAuts
     D:1: 705 daAuts
   Sewer: 621 daAuts
